 Dungeon Crawl Stone Soup version 0.30-b1-2-g02819fbbbe (webtiles) character file.

Game seed: 15636116800009490504

158417 ketsa the Severer (level 17, -1/163 HPs)
             Began as a Hill Orc Monk on May 26, 2023.
             Was the Champion of Cheibriados.
             Slain by a salamander tyrant (3 damage)
             ... on level 4 of the Snake Pit.
             The game lasted 01:55:24 (38312 turns).

ketsa the Severer (Hill Orc Monk)                  Turns: 38312, Time: 01:55:25

Health: -1/163     AC: 32    Str: 37    XL:     17   Next: 71%
Magic:  0/26       EV: 10    Int: 23    God:    Cheibriados [******]
Gold:   1706       SH:  0    Dex: 28    Spells: 16/16 levels left

rFire   + + .        V - +4 war axe (flame)
rCold   . . .        d - orb {light}
rNeg    . . .        L - +4 plate armour
rPois   +            p - +2 hat {Stlth+}
rElec   +            F - +1 cloak {rCorr}
rCorr   +            v - +0 pair of gloves
SInv    .            h - +2 pair of boots {Fly}
Will    ++...        w - amulet of guardian spirit Stlth
                     q - ring "Kozyed" {rElec rF++ Will+ rCorr Int-2}
HPRegen 0.47/turn    N - ring of poison resistance
MPRegen 0.20/turn

%: guardian spirit
@: lethally poisoned (-1 -> -9), about to teleport, flying, glowing,
constricted, very slow
A: no striking features
a: Renounce Religion, Bend Time, Temporal Distortion, Slouch, Step From Time


You were on level 4 of the Snake Pit.
You worshipped Cheibriados.
Cheibriados was exalted by your worship.
You visited 8 branches of the dungeon, and saw 30 of its levels.
You also visited: Bailey and Ice Cave.

You collected 2754 gold pieces.
You spent 1048 gold pieces at shops.

Inventory:

Hand Weapons
 E - a +4 antimagic executioner's axe
 V - a +4 war axe of flaming (weapon)
Missiles
 n - 19 poisoned darts (quivered)
 x - 2 throwing nets
 K - 10 boomerangs
Armour
 d - an orb of light (worn)
 h - a +2 pair of boots of flying (worn)
 p - a +2 hat of stealth (worn)
 t - a +0 crystal plate armour of cold resistance
 v - a +0 pair of gloves (worn)
 F - a +1 cloak of preservation (worn)
 L - a +4 plate armour (worn)
Jewellery
 j - the ring of Dylumynn {rF+ Str+3 Int+2 Stlth+}
   (You bought it in a shop on level 2 of the Orcish Mines)

   [ring of protection from fire]

   Str:       It affects your strength (+3).
   Int:       It affects your intelligence (+2).
   rF:        It protects you from fire.
   Stlth:     It makes you more stealthy.
 q - the ring "Kozyed" (left hand) {rElec rF++ Will+ rCorr Int-2}
   (You found it on level 3 of the Snake Pit)

   [ring of willpower]

   Int:       It affects your intelligence (-2).
   rF:        It greatly protects you from fire.
   rElec:     It insulates you from electricity.
   rCorr:     It protects you from acid and corrosion.
   Will:      It increases your willpower.
 w - an amulet of guardian spirit (around neck)
 B - the ring "Oloqeog" {Will+ Str-4 Int+7 Dex+6}
   (You took it off a necromancer on level 5 of the Lair of Beasts)

   [ring of dexterity]

   Str:       It affects your strength (-4).
   Int:       It affects your intelligence (+7).
   Dex:       It affects your dexterity (+6).
   Will:      It increases your willpower.
 N - a ring of poison resistance (right hand)
 W - a +4 ring of protection
 Y - a ring of resist corrosion
 Z - a ring of protection from cold
Wands
 y - a wand of flame (54)
 M - a wand of light (10)
 O - a wand of digging (5)
 P - a wand of mindburst (38)
 T - a wand of charming (18)
 U - a wand of roots (9)
 X - a wand of polymorph (15)
Scrolls
 f - a scroll of silence
 o - 5 scrolls of blinking
 s - 5 scrolls of torment
 z - 3 scrolls of identify
 A - 7 scrolls of enchant armour
 C - 5 scrolls of fear
 D - 2 scrolls of butterflies
 G - 3 scrolls of brand weapon
 I - 3 scrolls of teleportation
 J - 5 scrolls of fog
 Q - 3 scrolls of poison
Potions
 a - 3 potions of resistance
 b - 2 potions of invisibility
 c - 2 potions of ambrosia
 g - 7 potions of lignification
 k - 6 potions of mutation
 l - 3 potions of heal wounds
 m - a potion of magic
 u - 7 potions of curing
 H - 8 potions of flight
 R - 2 potions of might
Miscellaneous
 e - a tin of tremorstones (2/2)
 r - a phantom mirror
 S - a phial of floods


   Skills:
 + Level 18.0 Fighting
 * Level 20.7 Axes
 - Level 5.7 Throwing
 + Level 17.3 Armour
 - Level 4.3 Dodging
 + Level 12.0 Invocations
 - Level 12.0 Evocations


You had 16 spell levels left.
You didn't know any spells.
Your spell library contained the following spells:

 Spells                   Type           Power      Damage    Failure   Level
 Apportation              Tloc           0%         N/A       50%         1
 Necrotise                Necr           0%         1d4       50%         1
 Summon Small Mammal      Summ           0%         N/A       50%         1
 Blink                    Tloc           0%         N/A       63%         2
 Cigotuvi's Dreadful Rot  Necr/Pois/Air  0%         N/A       63%         2
 Ensorcelled Hibernation  Hex/Ice        0%         N/A       63%         2
 Lesser Beckoning         Tloc           0%         N/A       63%         2
 Scorch                   Fire           0%         2d5       63%         2
 Call Canine Familiar     Summ           0%         N/A       86%         3
 Gell's Gravitas          Tloc           0%         N/A       86%         3
 Ozocubu's Armour         Ice            0%         N/A       86%         3
 Portal Projectile        Hex/Tloc       0%         N/A       86%         3
 Spider Form              Tmut/Pois      0%         N/A       86%         3
 Summon Guardian Golem    Hex/Summ       0%         N/A       86%         3
 Teleport Other           Tloc           0%         N/A       86%         3
 Tukima's Dance           Hex            0%         N/A       86%         3
 Anguish                  Hex/Necr       0%         N/A       99%         4
 Animate Armour           Summ/Erth      0%         N/A       99%         4
 Cause Fear               Hex            0%         N/A       99%         4
 Dispel Undead            Necr           0%         3d6       99%         4
 Flame Wave               Conj/Fire      0%         2d4       99%         4
 Manifold Assault         Tloc           0%         N/A       99%         4
 Passage of Golubria      Tloc           0%         N/A       99%         4
 Blade Hands              Tmut           0%         N/A       100%        5
 Irradiate                Conj/Tmut      0%         3d11      100%        5
 Yara's Violent Unravell  Hex/Tmut       0%         3d3       100%        5
 Death Channel            Necr           0%         N/A       100%        6
 Iron Shot                Conj/Erth      0%         9d1       100%        6
 Summon Cactus Giant      Summ           0%         N/A       100%        6
 Dragon Form              Tmut           0%         N/A       100%        7
 Enfeeble                 Hex            0%         N/A       100%        7
 Ozocubu's Refrigeration  Ice            0%         4d7       100%        7
 Storm Form               Tmut/Air       0%         N/A       100%        7


Dungeon Overview and Level Annotations

Branches:
Dungeon (15/15) Zot: 36382  Temple (0/1) D:6            Lair (5/5) D:8 Zot: 32640
  Swamp (1/4) Lair:3 Zot: 8998   Snake (4/4) Lair:3 Zot: 27403   Slime (1/5) Lair:5 Zot: 8997
    Orc (2/2) D:12 Zot: 13820     Elf (1/3) Orc:2 Zot: 8998  Vaults (0/5) D:13
 Depths (1/4) D:15 Zot: 8968  Bailey (visited)           IceCv (visited)

Altars:
Cheibriados
Dithmenos
Elyvilon
Gozag
Hepliaklqana
Kikubaaqudgha
Makhleb
Vehumet
Xom
The Shining One
Jiyva

Shops:
D:4 :   D:9 *   D:14 (   Orc:1 ?   Orc:2 ((=[   Snake:1 =:=

Annotations:
D:12 4 transporters
D:14 3 runed translucent doors, gabibbone's ghost, journeyman TeAE
Lair:2 3 runed translucent doors, caveywoolpert's ghost, journeyman GrEE
Lair:5 exclusion: obsidian statue
Orc:2 exclusions: downstairs and 4 more exclusions
Elf:1 Aizul


Message History

The naga sharpshooter gestures wildly while chanting.
The naga sharpshooter magically shoots an arrow.
The arrow hits you but does no damage.
Okay, then.
As you read the scroll of teleportation, it crumbles to dust.
You feel strangely unstable. The black mamba closely misses you.
The black mamba bites you but does no damage.
The nagaraja spits poison at you. The splash of poison misses you.
You slice the naga mage!! You burn the naga mage.
The naga mage is severely wounded.
You hit the black mamba but do no damage.
The black mamba bites you but does no damage.
The guardian serpent coils itself and waves its upper body at you.
The nagaraja blinks!
The naga mage spits poison at you.
The splash of poison hits you but does no damage.
You resist.
You don't have enough magic at the moment.
You hit the nagaraja. You burn the nagaraja.
The nagaraja is lightly wounded.
You hit the black mamba. You burn the black mamba.
You slash the salamander tyrant! You slash the naga mage!
You burn the naga mage.
You kill the naga mage!
Cheibriados appreciates the change of pace.
You slash the nagaraja! You burn the nagaraja.
The black mamba bites you but does no damage.
The guardian serpent coils itself and waves its upper body at you.
The bolt of poison misses you.
The bolt of poison hits the black mamba.
The nagaraja gestures at you while chanting.
The poison arrow hits you!!
You are poisoned.
You partially resist.
* * * LOW HITPOINT WARNING * * *
The nagaraja hits you but does no damage.
The nagaraja grabs you. The nagaraja constricts you.
The salamander tyrant hits you.
You die...

,,,,* **,,,***,,,,**,,,**...#**
,,,,* *,,,,*,,,,,,,**,,,*,...,**
,,,^* *,,,**,,,,,,,,#,,,**.S.,,**
,,,,* *,,,*,,,,,,,,.##,,,*,,,,,,*
,,,,* *,,,*,,,,,,*,..#,,,*,,,,,,,
...N##*,,,**,,,,,*.S.#,,,*,,,,,,,
.....##*,,,**,,,*#.$.#,,,*,,,,,,,
......##,,,,***##)N..#,,,*,,,,,,,
.......##,,,,**#@N§.#*,,,*,,,,,,*
....N..N##....NSNN..#,,,**,,,,***
.......,,##........##,,,*,,,,**
.NN.#,,,,,##.....###,,,**,,,**
.)N.#*,,,,,#######,,,,,*,,,**
.N).#**,,,,,,,,,,,,,,,**,,**
....# ***,,,,,,,,,,,***,,** ....#
***,,,,,,****,,,,* ....#
********,,,,,,**


You could see 3 nagarajas, a naga sharpshooter, a salamander tyrant, a guardian
serpent and a black mamba.

Vanquished Creatures
  Rupert (Orc:2)
  An acid blob (Lair:5)
  Gastronok (Lair:1)
  Agnes (D:14)
  A nagaraja (Snake:4)
  An orc warlord (Orc:2)
  2 reapers (IceCv)
  A very ugly thing (D:13)
  5 dire elephants (Lair:5)
  Azrael (D:14)
  Snorg (Lair:3)
  A fire dragon (D:15)
  Josephine (D:14)
  A rakshasa (D:15)
  4 hydras
  The ghost of Discosetron the Thaumaturge, a journeyman DjAE of Cheibriados (D:10)
  2 vault guards (Bailey)
  6 centaur warriors
  2 salamander tyrants (Snake:1)
  An anaconda (shapeshifter) (D:13)
  5 ogre magi
  14 two-headed ogres
  5 anacondas
  A dancing weapon (D:10)
  A death knight (D:15)
  A vampire mage (D:15)
  12 naga warriors
  11 death yaks
  2 shock serpents (Snake:2)
  3 tengu warriors (D:14)
  4 naga sharpshooters
  Sonja (Lair:5)
  A spectral death yak (Lair:5)
  2 skeletal warriors (D:15)
  7 salamander mystics
  A spectral anaconda (Lair:5)
  An orange crystal statue (IceCv)
  3 spriggan simulacra (IceCv)
  A tengu zombie (D:15)
  2 naga ritualists (Snake:2)
  An obsidian statue (IceCv)
  Pikel (D:6)
  A deep elf pyromancer (D:15)
  4 orc knights
  A harpy (shapeshifter) (D:13)
  4 necromancers
  10 ugly things
  5 mana vipers
  3 orc sorcerers (Orc:1)
  3 cyclopes
  A moth of wrath (shapeshifter) (D:13)
  21 salamanders
  4 manticores
  2 stone giant zombies (D:15)
  10 naga magi
  3 guardian serpents
  27 black mambas
  Joseph (Lair:1)
  A dire elephant zombie (Lair:5)
  22 elephants
  A gargoyle (D:11)
  2 unseen horrors
  7 cane toads
  6 freezing wraiths
  3 rime drakes
  3 efreet
  2 tengu conjurers (D:14)
  4 ice devils (IceCv)
  5 komodo dragons
  4 polar bears
  4 trolls
  2 hornets
  Prince Ribbit (Bailey)
  4 blink frogs (Lair:1)
  A spriggan zombie (D:15)
  3 spectral elephants (Lair:5)
  Sigmund (D:4)
  A spriggan (shapeshifter) (D:15)
  3 shadows
  12 slime creatures
  7 wyverns
  2 centaur simulacra
  A vampire (D:10)
  6 wraiths
  2 basilisks
  39 yaks
  A dire elephant simulacrum (Lair:5)
  2 humans (Bailey)
  3 fire elementals (D:14)
  Eustachio (D:4)
  3 steam dragons
  8 vampire mosquitoes
  2 death yak simulacra (Lair:5)
  4 minotaur simulacra (IceCv)
  A spectral cane toad (Lair:5)
  A harpy simulacrum (IceCv)
  36 nagas
  2 acid dragons
  9 water moccasins
  2 hydra simulacra (IceCv)
  5 hell hounds
  A swamp drake (Lair:5)
  2 meliai simulacra (D:14)
  25 orc warriors
  A black bear (D:4)
  2 alligator simulacra (IceCv)
  2 sky beasts
  2 elephant zombies (Lair:5)
  37 ogres
  2 ice beasts
  16 wolves
  13 centaurs
  3 elephant skeletons (Lair:5)
  2 phantoms
  3 kobold brigands
  19 bullfrogs
  2 gnoll sergeants
  3 scorpions
  3 deep troll simulacra (IceCv)
  A cane toad simulacrum (Lair:5)
  4 wights (D:8)
  An elephant simulacrum (Lair:5)
  5 killer bees
  A lindwurm simulacrum (IceCv)
  A vampire bat (D:4)
  4 electric eels
  A crimson imp (D:5)
  2 jellies
  16 orc priests
  Crazy Yiuf (D:6)
  A gnoll bouda (D:9)
  A hound (D:4)
  3 iguanas
  2 sleepcaps
  14 orc wizards
  Natasha (thrice) (D:2)
  2 hell rats (Lair:1)
  17 gnolls
  7 adders
  10 river rats (Lair:1)
  A shadow imp (D:7)
  8 white imps (D:14)
  4 ufetubi (D:14)
  3 dart slugs
  61 orcs
  2 bat skeletons (D:4)
  3 bat zombies (D:4)
  6 endoplasms
  4 giant cockroaches
  13 goblins
  9 hobgoblins
  3 quokkas
  6 ball pythons
  7 bats
  4 frilled lizards
  14 kobolds
  12 rats
839 creatures vanquished.

Vanquished Creatures (others)
  The ghost of Firil the Destroyer, a journeyman OpFE of Vehumet (Lair:1)
  A yak (D:8)
  An ogre (Orc:2)
  An orc (D:8)
  31 fungi
  84 plants
  31 withered plants
150 creatures vanquished.

Grand Total: 989 creatures vanquished

Notes
Turn   | Place    | Note
-------+----------+-------------------------------------------
     0 | D:1      | ketsa the Hill Orc Monk began the quest for the Orb.
     0 | D:1      | Reached XP level 1. HP: 19/19 MP: 1/1
   172 | D:1      | Reached XP level 2. HP: 26/26 MP: 2/2
   324 | D:1      | Reached skill level 5 in Axes
   657 | D:1      | Reached XP level 3. HP: 31/31 MP: 3/3
   731 | D:1      | Found a faded altar of an unknown god.
   753 | D:1      | Prayed at the altar of an unknown god.
   753 | D:1      | Became a worshipper of Cheibriados the Contemplative
   753 | D:1      | Reached * piety under Cheibriados
   753 | D:1      | Reached ** piety under Cheibriados
  1292 | D:1      | Reached *** piety under Cheibriados
  1332 | D:2      | Reached skill level 1 in Invocations
  1441 | D:2      | Noticed Natasha
  1457 | D:2      | Killed Natasha
  1458 | D:2      | Reached skill level 6 in Axes
  1458 | D:2      | Reached XP level 4. HP: 28/39 MP: 3/5
  1461 | D:2      | Identified the +5 ring mail of Optimism {rF+ Stlth+}
  1543 | D:2      | Noticed Natasha
  1551 | D:2      | Killed Natasha
  1552 | D:2      | Reached skill level 1 in Armour
  1633 | D:2      | Reached XP level 5. HP: 45/45 MP: 6/6
  1905 | D:2      | Noticed Natasha
  1917 | D:2      | Killed Natasha
  2183 | D:3      | You fall into a shaft and drop 2 floors!
  2183 | D:5      | Entered Level 5 of the Dungeon
  2219 | D:4      | Noticed Eustachio
  2265 | D:5      | Reached **** piety under Cheibriados
  2382 | D:4      | Reached skill level 7 in Axes
  2382 | D:4      | Reached XP level 6. HP: 33/51 MP: 6/8
  2399 | D:4      | HP: 1/51 [poisoned by a killer bee]
  3117 | D:3      | Identified the +1 ring mail of Honesty {rN++ Str-2}
  3252 | D:4      | Found Kenext's Book Emporium.
  3372 | D:4      | Killed Eustachio
  3373 | D:4      | Reached XP level 7. HP: 57/57 MP: 10/10
  3417 | D:4      | Identified the +2 mace of the Doomed Warrior {flame, Will+}
  3536 | D:4      | Reached skill level 8 in Axes
  3536 | D:4      | Reached skill level 5 in Invocations
  3556 | D:4      | Found an opulent altar of Gozag.
  3706 | D:4      | Noticed Sigmund
  3715 | D:4      | Killed Sigmund
  3731 | D:4      | Found an ancient bone altar of Kikubaaqudgha.
  3740 | D:4      | Reached XP level 8. HP: 62/64 MP: 12/12
  3740 | D:4      | Reached ***** piety under Cheibriados
  3904 | D:5      | Reached skill level 5 in Armour
  3972 | D:5      | Reached skill level 9 in Axes
  4156 | D:5      | Found a shimmering altar of Xom.
  4156 | D:5      | Found a burning altar of Makhleb.
  5162 | D:6      | Identified the +0 leather armour "Rines" {rC- rN+ SInv}
  5186 | D:6      | Reached skill level 10 in Axes
  5186 | D:6      | Reached XP level 9. HP: 71/71 MP: 14/14
  5193 | D:6      | Found a hazy altar of Hepliaklqana.
  5239 | D:6      | Found a staircase to the Ecumenical Temple.
  5615 | D:6      | Reached skill level 5 in Fighting
  5615 | D:6      | Reached skill level 1 in Throwing
  5702 | D:6      | Found a runed translucent door.
  5703 | D:6      | Noticed Crazy Yiuf
  5792 | D:7      | Noticed Pikel
  5834 | D:6      | Killed Pikel
  5835 | D:6      | Reached skill level 11 in Axes
  6356 | D:7      | Noticed a cyclops
  6376 | D:7      | Killed a cyclops
  6377 | D:7      | Reached XP level 10. HP: 84/84 MP: 12/15
  7247 | D:8      | Reached skill level 12 in Axes
  7424 | D:8      | Found a staircase to the Lair.
  8036 | D:8      | Found a shadowy altar of Dithmenos.
  8411 | Lair:1   | Entered Level 1 of the Lair of Beasts
  8449 | Lair:1   | Noticed a cane toad
  8459 | Lair:1   | Killed a cane toad
  8704 | Lair:1   | Reached XP level 11. HP: 94/95 MP: 15/18
  8776 | Lair:1   | Reached skill level 13 in Axes
  8887 | Lair:1   | Found a large runed translucent door.
  8888 | Lair:1   | Found a large runed translucent door.
  8889 | Lair:1   | Noticed Firil's ghost (journeyman OpFE)
  8960 | Lair:1   | Noticed Gastronok
  9050 | Lair:1   | Killed Gastronok
  9051 | Lair:1   | Reached skill level 10 in Invocations
  9089 | Lair:1   | Noticed Joseph
  9098 | Lair:1   | Killed Joseph
  9391 | Lair:1   | Reached skill level 14 in Axes
  9391 | Lair:1   | Reached skill level 10 in Armour
 10198 | Lair:2   | Noticed an ice dragon
 10199 | Lair:2   | Noticed caveywoolpert's ghost (journeyman GrEE)
 10399 | Lair:2   | Found a runed translucent gate.
 10399 | Lair:2   | Found a runed translucent gate.
 10399 | Lair:2   | Found a runed translucent gate.
 10478 | Lair:2   | Noticed a six-headed hydra
 10486 | Lair:2   | Killed a three-headed hydra
 10487 | Lair:2   | Reached skill level 10 in Fighting
 10869 | Lair:2   | Reached XP level 12. HP: 104/106 MP: 20/20
 11113 | Lair:3   | Reached ****** piety under Cheibriados
 11157 | Lair:3   | Noticed Snorg
 11182 | Lair:3   | Reached skill level 1 in Evocations
 11185 | Lair:3   | Killed Snorg
 11190 | Lair:3   | Reached skill level 15 in Axes
 11523 | Lair:3   | Found a staircase to the Swamp.
 11548 | Swamp:1  | Entered Level 1 of the Swamp
 11548 | Swamp:1  | Noticed a five-headed hydra
 11548 | Swamp:1  | Noticed a ghost crab
 11548 | Swamp:1  | Noticed an alligator
 11792 | Lair:3   | Found a staircase to the Snake Pit.
 11860 | Snake:1  | Entered Level 1 of the Snake Pit
 12748 | Lair:5   | Entered Level 5 of the Lair of Beasts
 12748 | Lair:5   | Noticed a death yak
 12748 | Lair:5   | Noticed a death yak
 12748 | Lair:5   | Noticed a death yak
 12748 | Lair:5   | Noticed a death yak
 12749 | Lair:5   | Noticed a death yak
 12761 | Lair:4   | Killed a death yak
 12762 | Lair:4   | Reached XP level 13. HP: 103/117 MP: 18/21
 12842 | Lair:4   | Reached skill level 5 in Evocations
 13215 | Lair:5   | Noticed Sonja
 13474 | Lair:5   | Killed Sonja
 13494 | Lair:5   | Found a staircase to the Slime Pits.
 13503 | Slime:1  | Entered Level 1 of the Pits of Slime
 13503 | Slime:1  | Noticed a rockslime
 13503 | Slime:1  | Noticed an acid blob
 13514 | Lair:5   | Killed an acid blob
 13515 | Lair:5   | Reached skill level 16 in Axes
 14030 | Lair:5   | Noticed a dire elephant
 14030 | Lair:5   | Noticed a dire elephant
 14030 | Lair:5   | Noticed a dire elephant
 14296 | Lair:5   | Noticed a dire elephant
 14310 | Lair:5   | Killed a dire elephant
 14326 | Lair:5   | Identified the ring "Oloqeog" {Will+ Str-4 Int+7 Dex+6}
 14326 | Lair:5   | HP: 3/119 [death yak simulacrum (12)]
 15209 | D:9      | Found a white marble altar of Elyvilon.
 15469 | D:9      | Identified a scroll of acquirement
 15470 | D:9      | Acquired a +2 antimagic executioner's axe
 15526 | D:9      | Found Puypnuqo's General Store.
 16129 | D:10     | Entered Level 10 of the Dungeon
 16155 | D:10     | Found a flagged portal.
 16166 | Bailey   | Entered a bailey
 16220 | Bailey   | Reached XP level 14. HP: 129/129 MP: 22/22
 16262 | Bailey   | Noticed Prince Ribbit
 16285 | Bailey   | Killed Prince Ribbit
 16377 | Bailey   | Reached skill level 5 in Throwing
 16580 | D:10     | Found a runed translucent door.
 16624 | D:10     | Found a shimmering altar of Xom.
 16624 | D:10     | Noticed Discosetron's ghost (journeyman DjAE)
 16880 | D:10     | Found a radiant altar of Vehumet.
 18117 | D:12     | Found a staircase to the Orcish Mines.
 18217 | D:12     | Found a transporter.
 18223 | D:12     | Found a transporter.
 18248 | D:12     | Found a transporter.
 18512 | D:12     | Found a transporter.
 18677 | Orc:1    | Entered Level 1 of the Orcish Mines
 18802 | Orc:1    | Found Alettom's Magic Scroll Emporium.
 18922 | Orc:1    | Bought a scroll of enchant armour for 90 gold pieces
 18922 | Orc:1    | Bought a scroll of fear for 48 gold pieces
 18939 | Orc:1    | Paralysed by an orc sorcerer for 3 turns
 19353 | Orc:2    | Entered Level 2 of the Orcish Mines
 19471 | Orc:2    | Noticed an orc warlord
 20453 | Orc:2    | Killed an orc warlord
 20680 | Orc:2    | Paralysed by an ogre mage for 2 turns
 21021 | Orc:2    | Reached XP level 15. HP: 125/139 MP: 20/23
 21025 | Orc:2    | Noticed Rupert
 21034 | Orc:1    | Reached skill level 15 in Fighting
 21257 | Orc:2    | Killed Rupert
 21728 | Orc:2    | Found Gokhuded's Weapon Emporium.
 21728 | Orc:2    | Found Rofaoche's Armour Shop.
 21729 | Orc:2    | Found Obupseuf's Antique Weapon Boutique.
 21729 | Orc:2    | Found Qiumecs's Jewellery Emporium.
 21756 | Orc:2    | Bought the ring of Dylumynn {rF+ Str+3 Int+2 Stlth+} for
                  | 634 gold pieces
 21764 | Orc:2    | Found a staircase to the Elven Halls.
 21883 | Elf:1    | Entered Level 1 of the Elven Halls
 21883 | Elf:1    | Noticed Aizul
 21894 | Orc:2    | aizul in elf
 22331 | Lair:5   | Reached skill level 17 in Axes
 22817 | Lair:5   | Reached skill level 15 in Armour
 24185 | D:13     | Reached skill level 10 in Evocations
 24459 | D:13     | Found a gate to the Vaults.
 25119 | D:14     | Noticed Azrael
 25301 | D:14     | Killed Azrael
 25311 | D:14     | Found a frozen archway.
 25328 | IceCv    | Entered an ice cave
 26122 | IceCv    | Reached skill level 18 in Axes
 26122 | IceCv    | Reached XP level 16. HP: 105/151 MP: 17/24
 26814 | D:14     | Noticed Josephine
 26824 | D:14     | Killed Josephine
 26999 | D:14     | Noticed Agnes
 27008 | D:14     | Killed Agnes
 27053 | D:14     | Found a shadowy altar of Dithmenos.
 27484 | D:14     | Found a transporter.
 27495 | D:14     | Found Yshryaso's Antique Weapon Shoppe.
 27497 | D:14     | Found a transporter.
 27506 | D:14     | Bought a glimmering battleaxe for 276 gold pieces
 27506 | D:14     | Identified the +9 battleaxe of Bursted Prudence {speed,
                  | rCorr} (You bought it in a shop on level 14 of the Dungeon)
 27651 | D:14     | Found a runed translucent gate.
 27651 | D:14     | Found a runed translucent gate.
 27651 | D:14     | Found a runed translucent gate.
 27651 | D:14     | Noticed an azure jelly
 27652 | D:14     | Noticed gabibbone's ghost (journeyman TeAE)
 27653 | D:14     | Noticed an acid blob
 27781 | D:14     | Found a viscous altar of Jiyva.
 28001 | D:6      | Killed Crazy Yiuf
 28149 | D:10     | Killed Discosetron's ghost
 28325 | Lair:1   | Killed Firil's ghost
 28674 | D:15     | Entered Level 15 of the Dungeon
 29252 | D:15     | Found a staircase to the Depths.
 30203 | D:15     | Found a glowing golden altar of the Shining One.
 31194 | Depths:1 | Entered Level 1 of the Depths
 31988 | Snake:1  | Reached skill level 19 in Axes
 32272 | Snake:1  | Found Ofamoikk's Jewellery Emporium.
 32273 | Snake:1  | Found Waingag's Book Shop.
 32274 | Snake:1  | Found Bistrosog's Jewellery Emporium.
 32449 | Snake:1  | Identified the +2 scale mail of the Trombone {Str-2 Int-4
                  | Dex+8}
 33546 | Snake:1  | Reached XP level 17. HP: 92/161 MP: 6/25
 35333 | Snake:2  | Reached skill level 20 in Axes
 36397 | Snake:3  | Identified the ring "Kozyed" {rElec rF++ Will+ rCorr Int-2}
 37389 | Snake:4  | Entered Level 4 of the Snake Pit
 38304 | Snake:4  | HP: 4/163 [nagaraja/poison arrow (19)]
 38312 | Snake:4  | HP: 2/163 [nagaraja/poison arrow (24)]
 38312 | Snake:4  | Slain by a salamander tyrant

Illustrated notes

######### ######### ###
....#.#.#####.#.#.#.###.##
.[)........#.........#...#
..[...#..............#..####
.[[.<[......^...#.#......#.##
...)).[..........#..........#
.)[.)...........@.......>..##
.[.[.....................###
....#....................#
........................##
......................###
#...................#######
..........................##
...........................##
.......########..########...#


Turn 21894 on Orc:2: aizul in elf

Levels and vault maps discovered:
D:1:      dpeg_arrival_ratfight, layout_basic, serial_aquarium,
          aquarium_bridge_square [aquarium_subvault_window,
          aquarium_subvault_bridge, aquarium_subvault_wall,
          aquarium_subvault_bridge], aquarium_bridge_square
          [aquarium_subvault_window, aquarium_subvault_bridge,
          aquarium_subvault_wall, aquarium_subvault_bridge],
          aquarium_window_corner, aquarium_window_fake, aquarium_view_2c,
          aquarium_balcony_3a, shapermc_ecumenical_altar_ellora,
          chequers_hall_statues_wall_a, glass_columns_a,
          chequers_serial_rivers_micro_d
D:2:      layout_rooms, minivault_5, uniq_natasha
D:3:      layout_loops_ring
D:4:      layout_cave_pools, kennysheep_vampire_church,
          mainiacjoe_overflow_24_doors, serial_shops, nicolae_shop_waterfront,
          uniq_eustachio, uniq_sigmund
D:5:      layout_cave_pools, grunt_temple_overflow_champion_of_chaos,
          st_stairs_12, lexackson_kobold_supper
D:6:      layout_rooms, mainiacjoe_overflow_alcove_4, minmay_temple_entry_wispy,
          uniq_crazy_yiuf_cottage
D:7:      layout_basic, uniq_pikel
D:8:      layout_basic, grunt_dithmenos_shadows, minmay_lair_entry_grove,
          serial_corexii_hall, chequers_hall_statues_y, corexii_hall_statues_i,
          corexii_hall_statues_i, chequers_hall_statues_corner_a
D:9:      layout_stronghold, elyvilon_altar_3, serial_shops,
          nicolae_shop_peninsula
D:10:     layout_basic, kennysheep_mini_moat, enter_bailey_1, ebering_ghost_xom
D:11:     layout_basic
D:12:     layout_rooms, nicolae_transporter_intersection
D:13:     layout_irregular_city, david_vaults_2
D:14:     layout_loops_ring, serial_shops, nicolae_shop_drivethru,
          gammafunk_ghost_ooze, lemuel_round_altar,
          portal_ice_cave_entry_ugly_swarm, serial_ice, serial_ice_l,
          serial_ice_o, serial_ice_m, serial_ice_d, serial_ice_h, serial_ice_n,
          serial_ice_b, uniq_agnes, uniq_josephine, uniq_azrael
D:15:     gammafunk_depths_entry_grave, layout_layer_cave,
          nicolae_tso_swordbearing_angel
Lair:1:   layout_loops_ring, ebering_ghost_disaster_area, kennysheep_rathole,
          serial_bayou_shore_a, lemuel_fruit_tree, uniq_joseph, uniq_gastronok
Lair:2:   layout_regular_city, gammafunk_ghost_icy, grunt_forest_small_clearings
Lair:3:   layout_roguey, swamp_mist_pool, minmay_snake_entry_guardpost_large,
          enter_volcano_4, uniq_snorg
Lair:4:   layout_roguey, lemuel_fruit_fields
Lair:5:   due_jungle_book, layout_cave_pods, slime_entry_1,
          guppyfry_lair_drakes, uniq_sonja
Swamp:1:  layout_basic_swamp, serial_swamp_ruin, hangedman_swamp_ruin_hall,
          evilmike_swamp_ruin_house_5
Snake:1:  layout_misc_corridors, nicolae_snake_salamander_fort,
          minmay_shop_grove
Snake:2:  layout_onion_interference, nicolae_snake_round_shape_thing
Snake:3:  layout_onion
Snake:4:  grunt_snake_rune_spirals, layout_onion, ebering_ghost_disaster_area
Slime:1:  layout_caves
Orc:1:    layout_caves, serial_shops, shop
Orc:2:    st_orc_ogre_mass, layout_caves, uniq_rupert
Elf:1:    nicolae_elf_arrival_fired_up, layout_geoelf_octagon, serial_shops,
          shop, nicolae_trove_entry_isolated, minmay_elf_annihilation,
          minivault_4, uniq_zenata, uniq_aizul, uniq_nikola
Depths:1: layout_cave_shapes, grunt_decor_arrowhead,
          pf_vacation_house_of_asmodeus, minmay_swirly_circle,
          serial_bayou_shore_b, uniq_sojobo

Skill      XL: |  1  2  3  4  5  6  7  8  9 10 11 12 13 14 15 16 17 |
---------------+----------------------------------------------------+-----
Axes           | 5 6 7 8 10 11 12 14 15 16 18 19 20 | 20.7
Invocations    | 1 2 3 4 6 7 9 11 12 | 12.0
Armour         | 1 2 3 4 6 7 9 10 11 13 14 15 16 17 | 17.3
Fighting       | 4 6 8 10 11 13 14 16 17 18 | 18.0
Throwing       | 3 4 5 |  5.7
Evocations     | 4 7 9 10 12 | 12.0
Dodging        | 4 |  4.3

Action                     |  1- 3 |  4- 6 |  7- 9 | 10-12 | 13-15 | 16-18 || total
---------------------------+-------+-------+-------+-------+-------+-------++-------
  Melee: Hand axe          |   103 |   115 |   288 |   204 |       |       ||   710
         War axe           |       |       |       |   319 |   968 |   625 ||  1912
         Executioner's axe |       |       |       |       |       |   102 ||   102
  Throw: Dart              |     1 |     9 |     6 |    28 |    10 |     2 ||    56
         Throwing net      |       |       |     2 |       |       |       ||     2
 Invoke: Bend Time         |       |       |     3 |    12 |    13 |    14 ||    42
         Temporal Distorti |       |       |       |     1 |       |     1 ||     2
  Evoke: Wand              |       |       |     2 |       |     2 |     4 ||     8
         Phantom mirror    |       |       |       |       |     1 |       ||     1
    Use: Potion            |     1 |     4 |       |     1 |     1 |    10 ||    17
         Scroll            |       |    10 |     1 |    18 |     8 |    12 ||    49
   Stab: Sleeping          |       |     1 |       |       |     3 |       ||     4
         Distracted        |       |       |       |       |     2 |       ||     2
 Armour: Robe              |    20 |       |       |       |       |       ||    20
         Ring mail         |       |    82 |   161 |   238 |   371 |       ||   852
         Plate armour      |       |       |       |       |   167 |   658 ||   825
  Dodge: Dodged            |    55 |   113 |   195 |   252 |   560 |   374 ||  1549
